 Dungeon Crawl Stone Soup version 0.18.1-8-gdd0e5ea (webtiles) character file.

3389 mrath the Chucker (level 9, -2/88 HPs)
             Began as a Troll Hunter on June 7, 2016.
             Was a Priest of Okawaru.
             Slain by a centaur (8 damage)
             ... on level 7 of the Dungeon.
             The game lasted 00:48:00 (8986 turns).

mrath the Chucker (Troll Hunter)                    Turns: 8986, Time: 00:48:00

Health: -2/88      AC:  6    Str: 22    XL:     9   Next: 74%
Magic:  10/10      EV: 12    Int:  7    God:    Okawaru [***...]
Gold:   441        SH:  0    Dex: 13    Spells: 0 memorised, 8 levels left

rFire  . . .     SeeInvis .     a - +0 giant spiked club
rCold  . . .     Gourm    +     b - +1 robe
rNeg   . . .     Faith    .     (shield currently unavailable)
rPois  .         Spirit   .     (helmet restricted)
rElec  .         Dismiss  .     (no cloak)
rCorr  .         Reflect  .     (gloves unavailable)
SustAt .         Harm     .     (boots unavailable)
MR     .....                    (no amulet)
Stlth  +++.......               (no ring)
                                J - ring of stealth

@: drained, not resistant to hostile enchantments, fairly stealthy
A: unfitting armour, claws 3, fast metabolism 3, gourmand, regeneration 2,
shaggy fur 1, tough skin 2
a: Heroism, Renounce Religion


You were on level 7 of the Dungeon.
You worshipped Okawaru.
Okawaru was most pleased with you.
You were completely stuffed.

You visited 2 branches of the dungeon, and saw 9 of its levels.
You also visited: Ossuary.

You collected 441 gold pieces.

Inventory:

Hand Weapons
 a - a +0 giant spiked club (weapon)
 l - a +3 dire flail
 F - a +0 hunting sling
 T - a +3 mace
 V - a +0 war axe of flaming
Missiles
 d - a throwing net
 s - 7 poisoned needles
 v - 36 sling bullets
 G - 209 stones
 L - 5 needles of sleeping
 Q - 3 tomahawks (quivered)
 X - a large rock
Armour
 b - a +1 robe (worn)
Jewellery
 q - an uncursed ring of ice
 J - a ring of stealth (left claw)
Wands
 o - a wand of random effects (20/48)
 I - a wand of confusion (31/48)
 S - a wand of lightning (6/15)
Scrolls
 g - 4 scrolls of identify
 j - 6 scrolls of remove curse
 t - 4 scrolls of teleportation
 x - a scroll of immolation {unknown}
 y - 2 scrolls of noise {unknown}
 E - 3 scrolls of fog {unknown}
 H - 2 scrolls of magic mapping {unknown}
 M - 3 scrolls of fear {unknown}
 N - a scroll of enchant weapon {unknown}
Potions
 c - a potion of flight {unknown}
 e - 2 potions of ambrosia {unknown}
 h - a potion of berserk rage {unknown}
 k - a potion of agility {unknown}
 m - 2 potions of beneficial mutation {unknown}
 n - 3 potions of might
 p - 4 potions of brilliance
 r - 3 potions of curing
 z - 2 potions of heal wounds {unknown}
 A - a potion of magic {unknown}
 B - 2 potions of haste
 C - a potion of resistance {unknown}
 D - a potion of cancellation {unknown}
 K - 2 potions of degeneration {unknown}
 O - a potion of lignification {unknown}
Comestibles
 f - 6 bread rations
 i - 5 meat rations
 u - a chunk of flesh
 w - 6 fruits
 P - a royal jelly


   Skills:
 + Level 5.4(5.0) Fighting
 + Level 6.3(6.0) Throwing
 + Level 4.9(4.6) Dodging
 + Level 3.2(2.9) Stealth
 + Level 5.4(5.0) Unarmed Combat
 + Level 3.6(3.3) Invocations
 + Level 3.0(2.7) Evocations


You had 8 spell levels left.
You didn't know any spells.

Dungeon Overview and Level Annotations

Branches:
Dungeon (8/15)             Temple (1/1) D:4
   Lair: D:8-11

Altars:
Ashenzari
Dithmenos
Elyvilon
Kikubaaqudgha
Makhleb
Nemelex Xobeh
Okawaru
Pakellas
Qazlal
Sif Muna
Trog
Vehumet
Xom
The Shining One


Innate Abilities, Weirdness & Mutations

You are too large for most types of armour.
You have claws for hands.
Your metabolism is lightning-fast.
You like to eat raw meat.
You heal very quickly.
You are covered in fur (AC +1).
You have very tough skin (AC +2).


Message History

Drink which item? (? for menu, Esc to quit)
You feel better. The centaur barely misses you.
The centaur hits you but does no damage.
You closely miss the centaur.
The centaur is severely wounded.
The centaur completely misses you. The centaur barely misses you.
The centaur hits you.
* * * LOW HITPOINT WARNING * * *
You barely miss the centaur.
The centaur is severely wounded.
The centaur misses you. The centaur closely misses you. The centaur hits you.
* * * LOW HITPOINT WARNING * * *
You barely miss the centaur.
The centaur is heavily wounded.
The centaur barely misses you.
The centaur hits you but does no damage.
You barely miss the centaur.
The centaur is heavily wounded.
The centaur hits you!
You die...

### ####### ##..
####.....### #...
###.......)[.## ##...
##..........>..### #....
##...........[....# #....
#.................# #....
#.................# ##...
#........@.......## ###.
#........c.......# ##
#...............##
#..............##
#.............## #####
#............## ####...#
#.............#####......#
##.........##(.#.........#
##.......###............#


You could see a centaur.

Vanquished Creatures
  Prince Ribbit (D:6)
  A wyvern (D:8)
  A hippogriff (D:8)
  Menkaure (Ossuary)
  The ghost of daning the Shooter, an amateur HEAM (D:5)
  An orc warrior (D:7)
  2 black bears
  A sky beast (D:5)
  A phantom (D:6)
  An ogre (D:8)
  A centaur (D:6)
  A big kobold (D:8)
  An elf zombie (Ossuary)
  2 giant frogs (D:6)
  A scorpion (D:5)
  9 wights
  2 howler monkeys
  2 crimson imps (D:5)
  A giant frog zombie (D:5)
  4 centaur zombies (Ossuary)
  4 hounds
  A human zombie (Ossuary)
  A jelly (D:6)
  5 orc priests
  3 orc wizards
  6 worker ants
  An ogre zombie (Ossuary)
  6 mummies (Ossuary)
  10 gnolls
  12 adders
  2 shadow imps
  2 oozes
  7 adder zombies (Ossuary)
  An adder skeleton (D:4)
  3 worms
  2 dart slugs
  6 giant geckos
  19 orcs
  A ball python (D:4)
  9 bats
  5 giant cockroaches
  A gnoll zombie (Ossuary)
  9 goblins
  7 hobgoblins
  4 jackals
  4 quokkas
  A giant cockroach zombie (D:6)
  3 giant gecko skeletons
  4 giant newts
  8 goblin zombies (Ossuary)
  3 hobgoblin zombies (Ossuary)
  10 kobolds
  A quokka skeleton (D:5)
  4 quokka zombies
  11 rats
  2 rat zombies
213 creatures vanquished.

Notes
Turn   | Place    | Note
--------------------------------------------------------------
     0 | D:1      | mrath the Troll Hunter began the quest for the Orb.
     0 | D:1      | Reached XP level 1. HP: 19/19 MP: 0/0
   257 | D:1      | Reached XP level 2. HP: 28/28 MP: 1/1
   650 | D:1      | Reached skill level 1 in Unarmed Combat
   817 | D:2      | Reached XP level 3. HP: 23/35 MP: 2/2
  1062 | D:2      | Reached XP level 4. HP: 44/44 MP: 3/3
  1425 | D:2      | Found an ancient bone altar of Kikubaaqudgha.
  1429 | D:2      | Found a radiant altar of Vehumet.
  1453 | D:2      | Found an oddly glowing altar of Pakellas.
  1555 | D:2      | Reached skill level 4 in Throwing
  1805 | D:3      | Reached XP level 5. HP: 52/52 MP: 4/4
  2536 | D:4      | Found a sand-covered staircase.
  2560 | Ossuary  | Entered an ossuary
  2821 | Ossuary  | Reached skill level 1 in Stealth
  2821 | Ossuary  | Reached XP level 6. HP: 58/61 MP: 5/5
  2907 | Ossuary  | Noticed Menkaure
  2909 | Ossuary  | Killed Menkaure
  2926 | Ossuary  | HP: 3/62 [mummy (12)]
  3107 | Ossuary  | Reached XP level 7. HP: 67/68 MP: 6/6
  3413 | D:4      | Found a staircase to the Ecumenical Temple.
  3452 | Temple   | Entered the Ecumenical Temple
  3478 | Temple   | Became a worshipper of Warmaster Okawaru
  3772 | D:4      | Reached skill level 5 in Throwing
  3877 | D:5      | Entered Level 5 of the Dungeon
  3938 | D:5      | Reached skill level 1 in Invocations
  4045 | D:5      | Noticed Prince Ribbit
  4309 | D:5      | Reached * piety under Okawaru
  4309 | D:5      | Reached XP level 8. HP: 79/79 MP: 8/8
  4313 | D:5      | Noticed daning's ghost (amateur HEAM)
  4341 | D:4      | Reached skill level 1 in Evocations
  4475 | D:5      | Found a shattered altar of Ashenzari.
  4869 | D:5      | Killed daning's ghost
  5612 | D:6      | Killed Prince Ribbit
  5612 | D:6      | Reached ** piety under Okawaru
  5970 | D:7      | Found an ancient bone altar of Kikubaaqudgha.
  6160 | D:7      | Reached XP level 9. HP: 61/87 MP: 10/10
  6299 | D:7      | Reached skill level 5 in Fighting
  7737 | D:7      | Reached skill level 6 in Throwing
  7934 | D:8      | Reached skill level 5 in Unarmed Combat
  8485 | D:8      | Reached *** piety under Okawaru
  8980 | D:7      | HP: 4/88 [centaur (6)]
  8981 | D:7      | HP: 1/88 [centaur (4)]
  8986 | D:7      | Slain by a centaur

Skill      XL: |  1  2  3  4  5  6  7  8  9 |
---------------+----------------------------+-----
Fighting       | 2 3 4 5 |  5.4
Unarmed Combat | 1 2 3 4 5 |  5.4
Dodging        | 2 3 4 |  4.9
Throwing       | 4 5 6 |  6.3
Stealth        | 1 2 3 |  3.2
Invocations    | 1 2 3 |  3.6
Evocations     | 2 3 |  3.0

Action                   |  1- 3 |  4- 6 |  7- 9 || total
-------------------------+-------+-------+-------++-------
Melee: Unarmed           |    84 |   235 |   380 ||   699
       Punch             |       |     2 |     6 ||     8
       Giant spiked club |       |       |    39 ||    39
 Fire: Hunting sling     |       |       |     3 ||     3
Throw: Large rock        |     3 |    19 |    36 ||    58
       Throwing net      |       |     1 |     7 ||     8
       Tomahawk          |       |       |    17 ||    17
Invok: Heroism           |       |       |     4 ||     4
  Use: Scroll            |       |     6 |     7 ||    13
       Potion            |       |       |     1 ||     1
 Stab: Sleeping          |     1 |     4 |     5 ||    10
       Distracted        |       |     1 |       ||     1
  Eat: Chunk             |    15 |    15 |    59 ||    89
Armor: Robe              |    19 |    66 |   157 ||   242
Dodge: Dodged            |    42 |   103 |   306 ||   451
